 Dungeon Crawl Stone Soup version 0.29.1-1-gd02db6906a (webtiles) character file.

Game seed: 5982630471367336370

3 Hadkhar the Shooter (level 1, 12/12 HPs)
             Began as a Gargoyle Hunter on Oct 9, 2022.
             Quit the game on level 1 of the Dungeon.
             The game lasted 00:03:12 (190 turns).

Hadkhar the Shooter (Gargoyle Hunter)                Turns: 190, Time: 00:03:13

Health: 12/12      AC:  5    Str: 14    XL:     1   Next: 50%
Magic:  1/1        EV: 11    Int:  9    God:
Gold:   47         SH:  0    Dex: 13    Spells: 0/0 levels left

rFire   . . .      SeeInvis .   a - +0 shortbow
rCold   . . .      Faith    .   (shield currently unavailable)
rNeg    + . .      Spirit   .   c - +0 leather armour
rPois   ∞          Reflect  .   (no helmet)
rElec   +          Harm     .   (no cloak)
rCorr   +          Rampage  .   (no gloves)
Will    .....                   (no boots)
Stlth   +.........              (no amulet)
HPRegen 0.04/turn               g - ring of resist corrosion
MPRegen 0.07/turn               (no ring)

@: no status effects
A: sickness immunity, AC +2, negative energy resistance 1, electricity
resistance, torment resistance 1, petrification resistance
a: no special abilities


You were on level 1 of the Dungeon.
You visited 1 branch of the dungeon, and saw 1 of its levels.

You collected 47 gold pieces.

Inventory:

Hand Weapons
 a - a +0 shortbow (weapon)
Armour
 c - a +0 leather armour (worn)
 d - a +0 ring mail
Jewellery
 g - a ring of resist corrosion (left hand)
Scrolls
 b - a scroll of immolation
 e - 2 scrolls of teleportation {unknown}
 f - a scroll of vulnerability {unknown}
 i - a scroll of identify {unknown}
Potions
 h - a potion of magic {unknown}


   Skills:
 + Level 2.2 Fighting
 * Level 4.1 Ranged Weapons
 + Level 0.2 Armour
 - Level 1.5 Dodging
 - Level 1.1 Stealth


You couldn't memorise any spells.
You didn't know any spells.
Your spell library was empty.

Dungeon Overview and Level Annotations

Branches:
Dungeon (1/15)

Altars:


Innate Abilities, Weirdness & Mutations

You are immune to sickness and miasma.
Your stone body is resilient. (AC +2)
You are immune to poison.
You resist negative energy. (rN+)
You are resistant to electric shocks. (rElec)
You are resistant to unholy torment.
You are immune to petrification.


Message History

You now have 47 gold pieces (gained 13).
i - a scroll labelled QIHUHOQYHO A bat comes into view.
Found a stone staircase leading down.
Fire: a) +0 shortbow
Press: ? - help, Q - select action Shift-Dir - straight line, f - bat
Aim: a bat (46% to hit)
You shoot an arrow. The arrow barely misses the bat.
The bat hits you but does no damage.
Fire: a) +0 shortbow
Press: ? - help, Q - select action Shift-Dir - straight line, f/p - bat
Aim: a bat (46% to hit)
You shoot an arrow. The arrow closely misses the bat.
The bat barely misses you. x2
Fire: a) +0 shortbow
Press: ? - help, Q - select action Shift-Dir - straight line, f/p - bat
Aim: a bat (46% to hit)
You shoot an arrow. The arrow closely misses the bat.
The bat closely misses you.
You shoot an arrow. The arrow misses the bat.
The bat hits you but does no damage.
You shoot an arrow. The arrow hits the bat.
The bat is moderately wounded.
The bat closely misses you.
You shoot an arrow. The arrow hits the bat.
The bat is severely wounded.
The bat hits you but does no damage. x2
You shoot an arrow. The arrow hits the bat.
You kill the bat!
A kobold comes into view. It is wielding a +0 club.
The kobold shouts!
You shoot an arrow. The arrow closely misses the kobold.
You shoot an arrow. The arrow barely misses the kobold.
You shoot an arrow.
The arrow hits the kobold but does no damage.
You shoot an arrow. The arrow closely misses the kobold.
You shoot an arrow. The arrow hits the kobold.
You kill the kobold!
Unknown command.
Are you sure you want to abandon this character and quit the game? (Confirm with "yes".)

## ####.### ######
###...#.. ....###
.....#.##### #.....
...........# #...#
...........# ##.@)####..
P..~..###†.###.........#
P.......#...........#...
..~⌠⌠~..#...#.........##
......###.....#.>.##.##
~P~P..._###.####.## .#
P.PPPP###...# #.# #
P.####.P....# #..
##.....P....# ####


There were no monsters in sight!

Vanquished Creatures
  2 bats (D:1)
  A kobold (D:1)
3 creatures vanquished.

Vanquished Creatures (others)
  A plant (D:1)
1 creature vanquished.

Grand Total: 4 creatures vanquished

Notes
Turn   | Place    | Note
-------+----------+-------------------------------------------
     0 | D:1      | Hadkhar the Gargoyle Hunter began the quest for the Orb.
     0 | D:1      | Reached XP level 1. HP: 12/12 MP: 1/1
   146 | D:1      | Found a faded altar of an unknown god.
   190 | D:1      | Quit the game

Illustrated notes

Levels and vault maps discovered:
D:1:      lightli_arrival_farm, layout_loops_ring,
          shapermc_ecumenical_altar_mp_ritualfount, serial_bayou_pond_b,
          minmay_3d_cube

Action                   || total
-------------------------++-------
 Fire: Shortbow          ||    14
Armor: Leather armour    ||     4
Dodge: Dodged            ||     4
